 Dungeon Crawl Stone Soup version 0.29.0-4-gdea44cf6ec (webtiles) character file.

Game seed: 9458183727773062558

1399 qw the Blocker (level 8, -16/66 HPs)
             Began as a Minotaur Fighter on Sept 5, 2022.
             Was a Believer of Ru.
             Killed from afar by a steam dragon (19 damage)
             ... with a ball of steam
             ... on level 7 of the Dungeon.
             The game lasted 00:02:03 (5622 turns).

qw the Blocker (Minotaur Fighter)                   Turns: 5622, Time: 00:02:03

Health: -16/66     AC:  9    Str: 23    XL:     8   Next: 41%
Magic:  7/7        EV:  5    Int:  5    God:    Ru [**....]
Gold:   188        SH: 15    Dex: 10    Spells: 7/7 levels left

rFire   . . .      SeeInvis .   Y - +4 war axe (flame)
rCold   + . .      Faith    .   n - +0 tower shield
rNeg    . . .      Spirit   .   j - +0 chain mail
rPois   .          Reflect  .   (helmet restricted)
rElec   .          Harm     .   (no cloak)
rCorr   .          Rampage  .   (no gloves)
Will    .....                   (no boots)
Stlth   ..........              (no amulet)
HPRegen 0.21/turn               h - ring of protection from cold
MPRegen 0.10/turn               a - +4 ring of slaying {mikee}

@: about to teleport
A: horns 2, hated by all, retaliatory headbutt
a: Renounce Religion


You were on level 7 of the Dungeon.
You worshipped Ru.
Ru was pleased with you.
You visited 1 branch of the dungeon, and saw 7 of its levels.

You collected 323 gold pieces.
You spent 135 gold pieces at shops.


Innate Abilities, Weirdness & Mutations

You have a pair of horns on your head.
You are hated by all.
You reflexively headbutt those who attack you in melee.


   Skills:
 - Level 4.0 Fighting
 + Level 8.7 Axes
 - Level 1.1 Throwing
 - Level 3.6 Armour
 - Level 1.0 Dodging
 - Level 9.4 Shields


You had 7 spell levels left.
You didn't know any spells.
Your spell library was empty.

Inventory:

Hand Weapons
 Y - a +4 war axe of flaming (weapon)
Missiles
 f - 3 javelins (quivered)
Armour
 j - a +0 chain mail (worn)
 n - a +0 tower shield (worn)
Jewellery
 a - a +4 ring of slaying (right hand) {mikee}
 h - a ring of protection from cold (left hand)
Scrolls
 b - 4 scrolls of identify
 e - a scroll of enchant armour
Potions
 d - 2 potions of might
 g - a potion of mutation
 i - a potion of resistance
 m - 3 potions of curing

Dungeon Overview and Level Annotations

Branches:
Dungeon (7/15)
 Temple: D:4-7

Altars:
Elyvilon
Okawaru
Ru
Uskayaw

Shops:
D:4 [

Annotations:
D:3 Grinder


Message History

Press: ? - help, Q - select action Shift-Dir - straight line, f - ice beast You throw a javelin.
The javelin barely misses the ice beast.
The orc is engulfed in a cloud of scalding steam.
You slash the orc! You burn the orc.
You kill the orc!
The orc throws a boomerang.
You block the boomerang.
The orc throws a boomerang.
The boomerang hits you but does no damage.
The steam dragon breathes steam at you.
The ball of steam hits the orc!
The orc dies!
The ball of steam hits you!
You hear a shout!
You're standing in a cloud of steam!
You're standing in a cloud of steam!
5615 ||| Stepping randomly (cloudy).
You are engulfed in a cloud of scalding steam.
5616 ||| FLEEEEING.
You slash the ice beast!
You melt the ice beast!
The ice beast is almost dead.
The ice beast hits you. The ice beast freezes you. You resist.
You slash the ice beast!
You melt the ice beast.
You kill the ice beast!
The steam dragon breathes steam at you. The ball of steam hits you!
You hear a shout! x3
The steam dragon breathes steam at you. The ball of steam hits you!
A kobold comes into view. It is wielding a +0 club.
5621 ||| READING scroll of teleportation.
As you read the scroll of teleportation, it crumbles to dust.
You feel strangely unstable.
You are engulfed in a cloud of scalding steam.
You block the steam dragon's attack. x2
You slash the steam dragon! You burn the steam dragon.
The steam dragon is heavily wounded.
You are engulfed in a cloud of scalding steam.
The steam dragon breathes steam at you. The ball of steam hits you!!
You die...

........###.....
.....#.<.##...
.... #..¤.#.#
...###.¤.¤..##
..#....¤.¤..¤####
.#......¤..¤.¤..#
###....¤!...¤...
###...¤¤¤......
#.....¤@¤.¤....
#.....D)¤...?/.
#......)..#.#.#(
#....##.))#.....
#.... ......#.#.
........$.......
.... #.##......#
## ....


You could see a steam dragon (catching breath).

Vanquished Creatures
  A water moccasin (D:6)
  An ice beast (D:7)
  A black bear (D:6)
  An ogre (D:6)
  A centaur (D:5)
  A phantom (D:4)
  A necrophage (D:5)
  2 scorpions
  A howler monkey (D:5)
  2 hounds (D:5)
  2 jellies
  An orc priest (D:4)
  A gnoll bouda (D:6)
  8 iguanas
  Terence (D:3)
  An orc wizard (D:4)
  8 gnolls
  6 adders
  A white imp (D:6)
  2 ufetubi
  A dart slug (D:3)
  14 orcs
  4 bats
  8 endoplasms
  5 giant cockroaches
  3 hobgoblins
  6 jackals
  4 ball pythons
  5 frilled lizards
  3 goblins
  7 kobolds
  4 rats
107 creatures vanquished.

Vanquished Creatures (others)
  3 orcs (D:7)
  3 plants (D:5)
6 creatures vanquished.

Grand Total: 113 creatures vanquished

Notes
Turn   | Place    | Note
-------+----------+-------------------------------------------
     0 | D:1      | qw the Minotaur Fighter began the quest for the Orb.
     0 | D:1      | Reached XP level 1. HP: 19/19 MP: 0/0
     0 | D:1      | 0 ||| qw: Version: 0.1-a-104-g96f76f8
     0 | D:1      | 0 ||| qw: Game counter: 5990
     0 | D:1      | 0 ||| qw: Always use a shield: true
     0 | D:1      | 0 ||| qw: God list: Ru
     0 | D:1      | 0 ||| qw: Allow faded altars: false
     0 | D:1      | 0 ||| qw: Do Orc after D:15 true
     0 | D:1      | 0 ||| qw: Do second Lair branch before Depths: true
     0 | D:1      | 0 ||| qw: Lair rune preference: random
     0 | D:1      | 0 ||| qw: Plans: Normal
     0 | D:1      | 0 ||| PLANNING D:1-11
   154 | D:1      | Reached skill level 3 in Axes
   208 | D:1      | Reached XP level 2. HP: 12/26 MP: 1/1
   832 | D:1      | Found a faded altar of an unknown god.
   922 | D:1      | 922 ||| UPGRADING to +0 chain mail.
   932 | D:1      | 932 ||| DROPPING +0 scale mail.
   933 | D:1      | 933 ||| DROPPING +6 ring of intelligence.
   934 | D:1      | 934 ||| UPGRADING to ring of protection from cold.
   935 | D:1      | 935 ||| READING 2 scrolls labelled ZAXZIEKHON.
   938 | D:1      | 938 ||| READING scroll labelled GIGIOT TESORYL.
   939 | D:1      | 939 ||| READING scroll labelled HIOMNYR AMUENN.
   940 | D:1      | 940 ||| READING scroll labelled RADYBI VAEMN.
   941 | D:1      | 941 ||| READING scroll labelled JOMUCV UQETUQU.
   956 | D:2      | 956 ||| STAIRDANCE
  1059 | D:2      | 1059 ||| Stepping ~*~*~tactically~*~*~ (stealth).
  1061 | D:2      | Reached XP level 3. HP: 26/31 MP: 2/2
  1061 | D:2      | 1061 ||| FLEEEEING.
  1068 | D:2      | 1068 ||| STAIRDANCE
  1102 | D:1      | 1102 ||| READING scroll labelled RITIYNL FIKHEM.
  1127 | D:2      | 1127 ||| Stepping ~*~*~tactically~*~*~ (stealth).
  1128 | D:2      | 1128 ||| DROPPING +0 mace.
  1130 | D:2      | 1130 ||| Stepping ~*~*~tactically~*~*~ (hiding).
  1136 | D:2      | HP: 4/31 [gnoll/+0 flail (7)]
  1137 | D:2      | 1137 ||| READING scroll of teleportation.
  1308 | D:2      | 1308 ||| Stepping ~*~*~tactically~*~*~ (stealth).
  1598 | D:2      | Reached XP level 4. HP: 39/39 MP: 3/3
  1849 | D:2      | 1849 ||| UPGRADING to +4 ring of slaying {mikee}.
  1850 | D:2      | 1850 ||| READING scroll labelled IFOPLOIXTANU.
  1885 | D:3      | 1885 ||| Stepping ~*~*~tactically~*~*~ (hiding).
  1894 | D:3      | Reached skill level 1 in Dodging
  1908 | D:3      | 1908 ||| DROPPING +0 flail.
  1973 | D:3      | Found an iron altar of Okawaru.
  2034 | D:3      | Noticed Terence
  2041 | D:3      | Killed Terence
  2202 | D:3      | Found a faded altar of an unknown god.
  2211 | D:3      | Found a hide-covered altar of Uskayaw.
  2212 | D:3      | Noticed Grinder
  2266 | D:3      | 2266 ||| DROPPING ring of flight.
  2267 | D:3      | 2267 ||| READING scroll labelled XEXO FYOLEMAE.
  2368 | D:3      | 2368 ||| READING scroll labelled KOLYT ZYHY.
  2369 | D:3      | 2369 ||| READING scroll labelled QOIDGH AMMO.
  2370 | D:3      | 2370 ||| DRINKING 2 amethyst potions.
  2371 | D:3      | 2371 ||| READING 3 scrolls of identify.
  2371 | D:3      | 2371 ||| IDENTIFYING metallic pink potion
  2372 | D:3      | 2372 ||| READING 2 scrolls of identify.
  2372 | D:3      | 2372 ||| IDENTIFYING fizzy orange potion
  2373 | D:3      | 2373 ||| DROPPING potion of brilliance.
  2374 | D:3      | 2374 ||| DROPPING potion of degeneration.
  2375 | D:3      | 2375 ||| Stepping randomly (stuck).
  2376 | D:3      | 2376 ||| Stepping randomly (stuck).
  2377 | D:3      | 2377 ||| Stepping randomly (stuck).
  2378 | D:3      | 2378 ||| Stepping randomly (stuck).
  2379 | D:3      | 2379 ||| Stepping randomly (stuck).
  2380 | D:3      | 2380 ||| Stepping ~*~*~tactically~*~*~ (cloud).
  2708 | D:4      | 2708 ||| Stepping ~*~*~tactically~*~*~ (stealth).
  2713 | D:4      | 2713 ||| Stepping ~*~*~tactically~*~*~ (stealth).
  2716 | D:4      | 2716 ||| Stepping ~*~*~tactically~*~*~ (stealth).
  2734 | D:4      | 2734 ||| READING scroll of enchant weapon.
  2734 | D:4      | 2734 ||| ENCHANTING +1 war axe.
  2824 | D:4      | Found Fist's Antique Armour Shop.
  2831 | D:4      | Reached skill level 6 in Axes
  2851 | D:4      | 2851 ||| SHOPLISTING glowing ice dragon scales (1890 gold,
                  | have 213).
  2851 | D:4      | 2851 ||| SHOPLISTING glowing troll leather armour (540
                  | gold, have 213).
  2851 | D:4      | 2851 ||| BUYING kite shield (135 gold).
  2851 | D:4      | Bought a kite shield for 135 gold pieces
  2917 | D:4      | Found a sacrificial altar of Ru.
  2933 | D:4      | Became a worshipper of Ru the Awakened
  2999 | D:4      | 2999 ||| Stepping ~*~*~tactically~*~*~ (stealth).
  3032 | D:4      | Reached XP level 5. HP: 45/45 MP: 4/4
  3044 | D:4      | 3044 ||| Stepping ~*~*~tactically~*~*~ (stealth).
  3083 | D:4      | Found a white marble altar of Elyvilon.
  3107 | D:4      | 3107 ||| Stepping ~*~*~tactically~*~*~ (hiding).
  3109 | D:4      | 3109 ||| Stepping ~*~*~tactically~*~*~ (hiding).
  3175 | D:4      | Noticed a phantom
  3183 | D:4      | Killed a phantom
  3218 | D:4      | 3218 ||| Stepping ~*~*~tactically~*~*~ (stealth).
  3229 | D:4      | Reached XP level 6. HP: 38/52 MP: 5/5
  3404 | D:4      | 3404 ||| UPGRADING to +0 kite shield.
  3414 | D:4      | 3414 ||| DROPPING +0 buckler.
  3415 | D:4      | 3415 ||| DRINKING 2 glowing inky potions.
  3416 | D:4      | 3416 ||| READING 2 scrolls of identify.
  3416 | D:4      | 3416 ||| IDENTIFYING fizzy white potion
  3436 | D:3      | Paralysed by Grinder for 5 turns
  3441 | D:3      | 3441 ||| Stepping ~*~*~tactically~*~*~ (hiding).
  3444 | D:3      | HP: 12/52 [Grinder (3)]
  3445 | D:3      | 3445 ||| READING scroll of teleportation.
  3446 | D:3      | 3446 ||| DRINKING potion of heal wounds.
  3506 | D:3      | 3506 ||| Stepping randomly (stuck).
  3548 | D:5      | Entered Level 5 of the Dungeon
  3555 | D:5      | Reached skill level 4 in Shields
  3595 | D:5      | Reached skill level 5 in Shields
  3970 | D:5      | 3970 ||| Stepping ~*~*~tactically~*~*~ (stealth).
  3982 | D:5      | 3982 ||| Stepping ~*~*~tactically~*~*~ (stealth).
  3991 | D:5      | 3991 ||| Stepping ~*~*~tactically~*~*~ (stealth).
  3994 | D:5      | 3994 ||| Stepping ~*~*~tactically~*~*~ (stealth).
  4003 | D:5      | 4003 ||| READING scroll of enchant weapon.
  4003 | D:5      | 4003 ||| ENCHANTING +2 war axe.
  4020 | D:5      | Reached XP level 7. HP: 49/59 MP: 6/6
  4102 | D:5      | 4102 ||| Stepping ~*~*~tactically~*~*~ (stealth).
  4227 | D:5      | Reached skill level 6 in Shields
  4370 | D:5      | 4370 ||| INVOKING Sacrifice Love.
  4370 | D:5      | Gained mutation: You are hated by all. [Ru sacrifice]
  4370 | D:5      | Reached * piety under Ru
  4370 | D:5      | Reached ** piety under Ru
  4672 | D:5      | 4672 ||| UPGRADING to +0 tower shield.
  4682 | D:5      | 4682 ||| DROPPING +0 kite shield.
  4683 | D:5      | 4683 ||| READING 2 scrolls labelled VEFIGYUSUA.
  4684 | D:5      | 4684 ||| READING scroll of brand weapon.
  4684 | D:5      | 4684 ||| BRANDING +3 war axe of protection.
  4685 | D:5      | 4685 ||| DROPPING +1 vorpal flail.
  4770 | D:6      | 4770 ||| FLEEEEING.
  4771 | D:6      | 4771 ||| FLEEEEING.
  4772 | D:6      | 4772 ||| FLEEEEING.
  4849 | D:6      | Reached skill level 7 in Shields
  4872 | D:6      | Reached XP level 8. HP: 66/66 MP: 7/7
  4946 | D:6      | Reached skill level 1 in Throwing
  5087 | D:6      | 5087 ||| READING scroll of enchant weapon.
  5087 | D:6      | 5087 ||| ENCHANTING +3 war axe of flaming.
  5230 | D:6      | 5230 ||| Stepping ~*~*~tactically~*~*~ (stealth).
  5238 | D:6      | Reached skill level 8 in Shields
  5352 | D:6      | Reached skill level 9 in Shields
  5588 | D:6      | 5588 ||| READING scroll labelled SAOM ONNOG.
  5589 | D:6      | 5589 ||| READING 5 scrolls of identify.
  5589 | D:6      | 5589 ||| IDENTIFYING fizzy inky potion
  5615 | D:7      | 5615 ||| Stepping randomly (cloudy).
  5616 | D:7      | 5616 ||| FLEEEEING.
  5620 | D:7      | HP: 11/66 [steam dragon/ball of steam (12)]
  5621 | D:7      | 5621 ||| READING scroll of teleportation.
  5621 | D:7      | HP: 2/66 [steam dragon] (9)]
  5622 | D:7      | Killed from afar by a steam dragon

Levels and vault maps discovered:
D:1:      dpeg_arrival_erosion, layout_rooms,
          shapermc_ecumenical_altar_mp_urbaneastern
D:2:      layout_rooms
D:3:      layout_rooms, okawaru_gym_becter, nicolae_overflow_ecumenical_swirl,
          amcnicky_mini_rare_corridor_liquid, minmay_cut_off, uniq_terence,
          uniq_grinder
D:4:      layout_cave_pods, mainiacjoe_overflow_surrounded_room,
          nicolae_ru_awakened_eye, serial_shops, shop_statue,
          grunt_ministairs_10
D:5:      layout_loops_ring, saegor_snake_ambush
D:6:      layout_loops_ring, uniq_blork_the_orc
D:7:      layout_cave_pools, mainiacjoe_overflow_boulevard,
          minmay_temple_entry_wispy, serial_glass, glass_columns_c,
          glass_columns_c, glass_columns_a, glass_columns_a, glass_columns_a,
          glass_columns_a, nicolae_island_escapes

Skill      XL: |  1  2  3  4  5  6  7  8 |
---------------+-------------------------+-----
Axes           | 3 4 5 6 7 8 |  8.7
Dodging        | 1 |  1.0
Fighting       | 4 |  4.0
Shields        | 5 7 9 |  9.4
Throwing       | 1 |  1.1
Armour         | |  3.6

Action                   |  1- 3 |  4- 6 |  7- 9 || total
-------------------------+-------+-------+-------++-------
Melee: War axe           |    76 |   107 |    62 ||   245
       Headbutt          |     6 |    12 |     9 ||    27
Throw: Boomerang         |       |    18 |     5 ||    23
       Javelin           |       |       |     8 ||     8
Invok: Sacrifice Love    |       |       |     1 ||     1
  Use: Scroll            |     7 |    10 |     6 ||    23
       Potion            |       |     3 |       ||     3
Armor: Scale mail        |    10 |       |       ||    10
       Chain mail        |    19 |    36 |    16 ||    71
Dodge: Dodged            |    29 |    30 |     9 ||    68
Block: Buckler           |    20 |     6 |       ||    26
       Kite shield       |       |    16 |    12 ||    28
       Tower shield      |       |       |    15 ||    15

Table legend:
 A = Non-vault XP
 B = Vault XP
 C = Vault XP percentage of total XP
 D = Non-vault monster count
 E = Vault monster count
 F = Vault count percentage of total count
                 A         B        C        D         E       F
            +---------+---------+-------+---------+---------+-------
      Total |    1921 |      78 |   3.9 |      98 |       9 |   8.4
            +---------+---------+-------+---------+---------+-------
        D:1 |      27 |       0 |   0.0 |      18 |       0 |   0.0
        D:2 |      83 |       0 |   0.0 |      21 |       0 |   0.0
        D:3 |       5 |      45 |  90.0 |       4 |       4 |  50.0
        D:4 |     230 |       5 |   2.1 |      18 |       2 |  10.0
        D:5 |     664 |      28 |   4.0 |      17 |       3 |  15.0
        D:6 |     778 |       0 |   0.0 |      18 |       0 |   0.0
        D:7 |     134 |       0 |   0.0 |       2 |       0 |   0.0
            +---------+---------+-------+---------+---------+-------
